 Dungeon Crawl Stone Soup version 0.31-a0-662-g684573625c (webtiles) character file.

Game seed: 9106066667293417862

2 Maratek the Trooper (level 1, 0/18 HPs)
             Began as a Demonspawn Berserker on Sept 1, 2023.
             Was a Follower of Trog.
             Slain by a ball python (2 damage)
             ... on level 1 of the Dungeon.
             The game lasted 00:00:07 (55 turns).

Maratek the Trooper (Demonspawn Berserker)            Turns: 55, Time: 00:00:09

Health: 0/18       AC:  2    Str: 17    XL:     1   Next: 33%
Magic:  1/1        EV:  9    Int:  8    God:    Trog [*.....]
Gold:   19         SH:  0    Dex: 12    Spells: 0/0 levels left

rFire   . . .        a - +0 hand axe
rCold   . . .        (no shield)
rNeg    . . .        b - +0 animal skin
rPois   .            (no helmet)
rElec   .            (no cloak)
rCorr   .            (no gloves)
SInv    .            (no boots)
Will    .....        (no amulet)
Stlth   +            (no ring)
HPRegen 0.23/turn    (no ring)
MPRegen 0.07/turn

%: no passive effects
@: constricted
A: no striking features
a: Renounce Religion, Berserk


You were on level 1 of the Dungeon.
You worshipped Trog.
Trog was aware of your devotion.
You visited 1 branch of the dungeon, and saw 1 of its levels.

You collected 19 gold pieces.

Inventory:

Hand Weapons
 a - a +0 hand axe (weapon)
Armour
 b - a +0 animal skin (worn)


   Skills:
 + Level 3.0 Fighting
 + Level 2.7 Axes
 + Level 1.8 Armour
 + Level 1.8 Dodging


You couldn't memorise any spells.
You didn't know any spells.
Your spell library was empty.

Dungeon Overview and Level Annotations

Branches:
Dungeon (1/15)

Altars:


Message History

There are monsters nearby!
There are monsters nearby!
Found 5 stones.
You closely miss the ball python. The ball python bites you.
The ball python grabs you. The ball python constricts you.
You hit the ball python.
The ball python is moderately wounded.
You hit the rat but do no damage.
The ball python bites you but does no damage.
The ball python constricts you.
The rat twitches its whiskers.
The rat bites you but does no damage. The ball python bites you.
The ball python constricts you. The rat bites you but does no damage.
You barely miss the ball python. You hit the rat.
The ball python closely misses you. The ball python constricts you.
The rat barely misses you.
You hit the ball python but do no damage.
You hit the rat but do no damage. The ball python bites you.
The ball python constricts you. The ball python bites you.
The ball python constricts you. The rat bites you.
You are too injured to fight recklessly!
You are too injured to fight recklessly!
You are too injured to fight recklessly!
You are too injured to fight recklessly!
You are too injured to fight recklessly!
Unknown command.
You are too injured to fight recklessly!
You hit the ball python.
The ball python is heavily wounded.
You barely miss the rat. The ball python bites you.
* * * LOW HITPOINT WARNING * * *
The ball python constricts you. The rat bites you.
* * * LOW HITPOINT WARNING * * *
You closely miss the ball python.
The ball python is heavily wounded.
You barely miss the rat. The ball python completely misses you.
The ball python constricts you. The rat bites you.
* * * LOW HITPOINT WARNING * * *
The ball python bites you.
You die...

..... ..... ......
...... ......#
....... .......#####
##.S@...####
#.....r......######
(.........#.†....>..#
.###..###...........#
#.# ###.........# ...
#.........# ..#
#.........# ..
#.........#
#.........###


You could see a ball python and a rat.

Vanquished Creatures
  A dart slug (D:1)
1 creature vanquished.

Notes
Turn   | Place    | Note
-------+----------+-------------------------------------------
     0 | D:1      | Maratek the Demonspawn Berserker began the quest for the
                  | Orb.
     0 | D:1      | Reached XP level 1. HP: 18/18 MP: 1/1
    55 | D:1      | Slain by a ball python

Illustrated notes

Levels and vault maps discovered:
D:1:      dpeg_arrival_lava_altar, layout_rooms, minmay_statues_item

Action                     || total
---------------------------++-------
  Melee: Hand axe          ||     9
 Armour: Animal skin       ||    14
  Dodge: Dodged            ||     4

Table legend: (Time is in decaauts)
 A = Elapsed time spent in this place.
 B = Non-inter-level travel time spent in this place.
 C = Inter-level travel time spent in this place.
 D = Time resting spent in this place.
 E = Time spent auto-exploring this place.
 F = Levels seen in this place.
 G = Mean time per level.
                   A        B        C        D        E       F      G
               +--------+--------+--------+--------+--------+-----+--------+
         Total |     56 |     56 |      0 |      0 |     35 |   1 |   56.0 |
       Dungeon |     56 |     56 |      0 |      0 |     35 |   1 |   56.0 |
               +--------+--------+--------+--------+--------+-----+--------+

Top non-repeatable levels by time:
     D:1: 56 daAuts
